 Dungeon Crawl Stone Soup version 0.24-a0-479-g9a978d2894 (webtiles) character file.

Game seed: 5799748734798530057

175 gruber the Conjurer (level 5, 0/31 HPs)
             Began as an Octopode Conjurer on July 8, 2019.
             Slain by an orc wizard
             ... wielding a +0 dagger
              (2 damage)
             ... on level 3 of the Dungeon.
             The game lasted 00:05:39 (2687 turns).

gruber the Conjurer (Octopode Conjurer)             Turns: 2687, Time: 00:05:40

Health: 0/31       AC:  3    Str: 12    XL:     5   Next: 55%
Magic:  4/9        EV: 13    Int: 19    God:
Gold:   161        SH:  0    Dex: 12    Spells: 4/10 levels left

rFire    . . .     SeeInvis .   e - +1 short sword (elec)
rCold    . . .     Gourm    .   (no shield)
rNeg     . . .     Faith    .   o - +2 hat
rPois    .         Spirit   .   (no amulet)
rElec    .         Reflect  .   (no ring)
rCorr    .         Harm     .   (no ring)
MR       .....                  (no ring)
Stlth    ++........             (no ring)
HPRegen  0.10/turn              (no ring)
MPRegen  0.11/turn              (no ring)
                                (no ring)
                                (no ring)

@: confused, mighty
A: almost no armour, stealthy swim, amphibious, 8 rings, constrict 8, camouflage
1, gelatinous body 1
a: no special abilities


You were on level 3 of the Dungeon.
You were not hungry.

You visited 1 branch of the dungeon, and saw 3 of its levels.

You collected 161 gold pieces.

Inventory:

Hand Weapons
 e - a +1 short sword of electrocution (weapon)
Missiles
 p - 8 poisoned darts (quivered)
Armour
 o - a +2 hat (worn)
Wands
 j - a wand of random effects (17)
Scrolls
 a - 7 scrolls of teleportation {unknown}
 d - 2 scrolls of fear {unknown}
 h - a scroll of random uselessness {unknown}
 n - a scroll of remove curse {unknown}
 q - a scroll of identify {unknown}
Potions
 g - a potion of brilliance {unknown}
 i - a potion of heal wounds {unknown}
 k - a potion of agility {unknown}
 l - a potion of experience {unknown}
 m - a potion of flight {unknown}
Comestibles
 b - 5 rations


   Skills:
 + Level 0.1 Short Blades
 - Level 2.0 Dodging
 + Level 3.6 Stealth
 + Level 3.1 Spellcasting
 + Level 5.7 Conjurations


You had 4 spell levels left.
You knew the following spells:

 Your Spells              Type           Power        Failure   Level  Hunger
a - Magic Dart            Conj           ###.         1%          1    None
b - Searing Ray           Conj           ###...       2%          2    ##.....
c - Dazzling Spray        Conj/Hex       ##....       14%         3    ###....

Your spell library contained the following spells:

 Spells                   Type           Power        Failure   Level  Hunger
 Iskenderun's Mystic Bla  Conj           ###.....     14%         4    ####...
 Force Lance              Conj/Tloc      ##......     43%         4    ####...
 Fulminant Prism          Conj/Hex       ##........   43%         4    ####...


Dungeon Overview and Level Annotations

Branches:
Dungeon (3/15)

Altars:
Fedhas


Innate Abilities, Weirdness & Mutations

You cannot wear most types of armour.
You are very stealthy in the water. (Stealth+)
You are amphibious.
You can wear up to eight rings at the same time.
You can use your tentacles to constrict eight enemies at once.
Your skin changes colour to match your surroundings (Stealth+).
Your rubbery body absorbs attacks. (AC +1, EV +1)


Message History

* * * LOW HITPOINT WARNING * * *
You miss something.
You hear some strange, mumbled words.
You are confused.
You're too confused to move!
Something hits you.
* * * LOW HITPOINT WARNING * * *
You miss something. Something hits you.
* * * LOW HITPOINT WARNING * * *
You miss something. Something hits you.
* * * LOW HITPOINT WARNING * * *
You feel less confused.
An orc wizard appears from thin air!
Reactivating autopickup.
The orc wizard casts a spell at you.
You are confused.
The orc wizard hits you with a +0 dagger.
* * * LOW HITPOINT WARNING * * *
The orc wizard closely misses you.
The orc wizard hits you with a +0 dagger.
You die...

#..........###
+.........>..
#......!...##.#
#..........##.#
#.....).)..##.#
#......)...##.#
#..........##.#
+..........##.#
#..@o......##.#
##.....######.#
#.....).#....#
###.#.#.#.#########
#..........#.....
###.#.#.##.#.####
#.#...##...#
###.########.#
#...##.....#.#


You could see an orc wizard.

Vanquished Creatures
  An orc wizard (D:3)
  Robin (D:2)
  4 adders (D:2)
  2 worms
  2 dart slugs (D:2)
  2 leopard geckos (D:2)
  3 orcs (D:3)
  6 bats
  2 giant cockroaches (D:1)
  14 goblins
  9 hobgoblins
  10 jackals
  A quokka (D:2)
  A ball python (D:2)
  9 frilled lizards
  5 kobolds
  9 rats
81 creatures vanquished.

Notes
Turn   | Place    | Note
-------+----------+-------------------------------------------
     0 | D:1      | gruber the Octopode Conjurer began the quest for the Orb.
     0 | D:1      | Reached XP level 1. HP: 11/11 MP: 3/3
   142 | D:1      | Reached XP level 2. HP: 5/17 MP: 0/5
   702 | D:1      | Reached XP level 3. HP: 2/21 MP: 0/6
  1301 | D:2      | Noticed Robin
  1344 | D:2      | Learned a level 2 spell: Searing Ray
  1348 | D:2      | Learned a level 3 spell: Dazzling Spray
  1349 | D:2      | Killed Robin
  1356 | D:2      | Reached skill level 5 in Conjurations
  1361 | D:2      | Reached XP level 4. HP: 18/27 MP: 1/7
  1996 | D:2      | Reached XP level 5. HP: 27/31 MP: 1/9
  2466 | D:3      | Found a blossoming altar of Fedhas.
  2685 | D:3      | HP: 1/31 [orc wizard/+0 dagger (1)]
  2687 | D:3      | Slain by an orc wizard

Levels and vault maps discovered:
D:1:      saegor_arrival_simple_a, layout_rooms
D:2:      layout_rooms, first_ration, kennysheep_potato, uniq_robin
D:3:      layout_basic, overflow_temple_1_default, serial_rivers,
          chequers_serial_rivers_small_a, chequers_serial_rivers_small_b,
          chequers_serial_rivers_small_a, chequers_serial_rivers_small_a,
          chequers_serial_rivers_room_b, minmay_misc_feat_doors

Skill      XL: |  1  2  3  4  5 |
---------------+----------------+-----
Stealth        | 3 |  3.6
Conjurations   | 5 |  5.7
Spellcasting   | 3 |  3.1
Short Blades   | |  0.1
Dodging        | |  2.0

Action                   |  1- 3 |  4- 6 || total
-------------------------+-------+-------++-------
Melee: Unarmed           |    19 |       ||    19
       Constrict         |     7 |     6 ||    13
       Tentacles         |     5 |     3 ||     8
       Short sword       |     5 |    33 ||    38
 Cast: Magic Dart        |    53 |    77 ||   130
       Searing Ray       |     1 |     2 ||     3
  Use: Potion            |       |     2 ||     2
 Stab: Sleeping          |       |     1 ||     1
  Eat: Chunk             |     1 |     5 ||     6
Armor: Skin              |     1 |     4 ||     5
Dodge: Dodged            |    25 |    18 ||    43

Table legend:
 A = Non-vault XP
 B = Vault XP
 C = Vault XP percentage of total XP
 D = Non-vault monster count
 E = Vault monster count
 F = Vault count percentage of total count
                 A         B        C        D         E       F
            +---------+---------+-------+---------+---------+-------
      Total |     207 |      44 |  17.5 |      67 |      14 |  17.3
            +---------+---------+-------+---------+---------+-------
        D:1 |      42 |       0 |   0.0 |      24 |       0 |   0.0
        D:2 |     100 |      44 |  30.6 |      32 |      14 |  30.4
        D:3 |      65 |       0 |   0.0 |      11 |       0 |   0.0
            +---------+---------+-------+---------+---------+-------
